 Dungeon Sprint DCSS version 0.13-a0-2281-ge1c0d72 (webtiles) character file.

4147 Bruce the Conjurer (level 10, -4/56 HPs)
             Began as an Octopode Fire Elementalist on July 7, 2013.
             Was the Champion of Sif Muna.
             Shot with an arrow by a vault guard (28 damage)
             ... in the Dungeon (Sprint V: "Ziggurat Sprint").
             The game lasted 00:08:12 (564 turns).

Bruce the Conjurer (Octopode Fire Elementalist)      Turns: 564, Time: 00:08:12

HP  -4/56        AC  1     Str 21      XL: 10   Next: 27%
MP   5/26        EV 26     Int 32      God: Sif Muna [******]
Gold 20          SH 14     Dex 30      Spells:  4 memorised, 10 levels left

Res.Fire  : + . .   See Invis. : .   N - staff of fire
Res.Cold  : . . .   Warding    : .   L - +3 buckler
Life Prot.: . . .   Conserve   : .   (helmet restricted)
Res.Poison: .       Res.Corr.  : .   (no amulet)
Res.Elec. : .       Clarity    : .   p - +6 ring of dexterity
Sust.Abil.: . .     Spirit.Shd : .   q - +6 ring of dexterity
Res.Mut.  : .       Prev.Telep.: +   r - +6 ring of intelligence
Res.Rott. : .       Flight     : .   s - +6 ring of intelligence
Saprovore : . . .                    t - +6 ring of strength
                                     u - +6 ring of strength
                                     P - ring of Untruth {EV+6 Stlth}
                                     (no ring)

@: agile, very slightly contaminated, hasted, very quick, somewhat resistant to
hostile enchantments, extremely stealthy
A: almost no armour, amphibious, 8 rings, constrict 8, camouflage 1, AC +1, Str
+1
a: Channel Energy, Forget Spell, Renounce Religion


You were in the Dungeon.
You worshipped Sif Muna.
Sif Muna was exalted by your worship.
You were near starving.

You visited 1 branch

Inventory:

Hand weapons
 v - the +9,+6 lance "Wyrmbane" {slay drac, +Rage rPois rF+ AC+5}
   (You found it in the Dungeon)

   This legendary weapon is deadly to all dragonkind.
   It also provides some protection from the breath attacks of dragons and other
   creatures.
   It affects your AC (+5).
   It protects you from fire.
   It protects you from poison.
   It lets you go berserk.
 w - the +4,+8 shillelagh "Devastator" (quivered)
   (You found it in the Dungeon)
Armour
 L - a +3 buckler (worn)
Magical devices
 y - a wand of disintegration (7)
 z - a wand of fire (4)
 A - a wand of cold (5)
 B - a wand of draining (3)
Comestibles
 c - 5 bread rations
 J - 35 strawberries
 K - 4 meat rations
Scrolls
 i - 3 scrolls of blinking
 C - 3 scrolls of amnesia
 D - 3 scrolls of recharging
 E - 5 scrolls of fog
 F - a scroll of holy word
 G - 4 scrolls of identify
 H - 5 scrolls of remove curse
 I - 2 scrolls of fear
Jewellery
 p - a +6 ring of dexterity (left tentacle)
 q - a +6 ring of dexterity (right tentacle)
 r - a +6 ring of intelligence (on tentacle)
 s - a +6 ring of intelligence (on tentacle)
 t - a +6 ring of strength (on tentacle)
 u - a +6 ring of strength (on tentacle)
 P - the ring of Untruth (on tentacle) {EV+6 Stlth}
   (You found it in the Dungeon)

   [ring of evasion]

   It affects your evasion (+6).
   It makes you more stealthy.
Potions
 a - a potion of brilliance
 d - 10 potions of curing
 e - 9 potions of heal wounds
 f - 4 potions of speed
 g - 7 potions of magic
 h - 2 potions of berserk rage
 j - 2 potions of invisibility
 k - 2 potions of restore abilities
 l - 4 potions of resistance
 n - 4 potions of agility
 o - 5 potions of might
Books
 b - a book of Flames

   Spells                             Type                      Level
   *Flame Tongue                      Conjuration/Fire             1
   Throw Flame                        Conjuration/Fire             2
   Conjure Flame                      Conjuration/Fire             3
   Inner Flame                        Hexes/Fire                   3
   *Sticky Flame                      Conjuration/Fire             4
   *Fireball                          Conjuration/Fire             5
 M - the Grimoire of Quantum Black Arts
   (You found it in the Dungeon)

   Spells                             Type                      Level
   Animate Skeleton                   Necromancy                   1
   Pain                               Necromancy                   1
   Apportation                        Translocation                1
   Teleport Other                     Translocation                3
   Twisted Resurrection               Necromancy                   5
   Phase Shift                        Translocation                5
 O - a book of Debilitation

   Spells                             Type                      Level
   Corona                             Hexes                        1
   Slow                               Hexes                        2
   Inner Flame                        Hexes/Fire                   3
   Enslavement                        Hexes                        4
   Cause Fear                         Hexes                        4
   Leda's Liquefaction                Hexes/Earth                  4
 Q - a book of Beasts

   Spells                             Type                      Level
   Summon Butterflies                 Summoning                    1
   Sticks to Snakes                   Transmutation                2
   Call Canine Familiar               Summoning                    3
   Ice Form                           Ice/Transmutation            4
   Summon Ice Beast                   Ice/Summoning                4
   Summon Hydra                       Summoning                    7
 R - Sif Muna's Collected Works on Battle Magic
   (Sif Muna gifted it to you in the Dungeon)

   Spells                             Type                      Level
   Magic Dart                         Conjuration                  1
   Force Lance                        Conjuration                  2
   Throw Frost                        Conjuration/Ice              2
   Venom Bolt                         Conjuration/Poison           5
   *Orb of Destruction                Conjuration                  7
 T - a book of the Dragon

   Spells                             Type                      Level
   Flight                             Charms/Air                   3
   Cause Fear                         Hexes                        4
   Bolt of Fire                       Conjuration/Fire             6
   Dragon Form                        Transmutation                7
   Summon Dragon                      Summoning                    9
Magical staves
 m - an uncursed staff of energy
 N - an uncursed staff of fire (weapon)
Miscellaneous
 x - a crystal ball of energy


   Skills:
 - Level 3.9 Dodging
 - Level 5.3 Stealth
 + Level 9.4 Spellcasting
 * Level 13.3 Conjurations
 + Level 12.7 Fire Magic
 + Level 8.6 Invocations
 - Level 7.3 Evocations


You had 10 spell levels left.
You knew the following spells:

 Your Spells              Type           Power        Failure   Level  Hunger
a - Flame Tongue          Conj/Fire      #####        1%          1    None
b - Fireball              Conj/Fire      #######...   1%          5    ##.....
c - Sticky Flame          Conj/Fire      #######.     1%          4    None
d - Orb of Destruction    Conj           #######...   14%         7    ######.


Dungeon Overview and Level Annotations

Branches:
Dungeon (1/1)

Altars:
Ashenzari
Cheibriados
Elyvilon
Fedhas
Kikubaaqudgha
Makhleb
Nemelex Xobeh
Okawaru
Sif Muna
Trog
Vehumet
Xom
Yredelemnul
Zin
the Shining One
Beogh
Jiyva
Lugonu


Innate Abilities, Weirdness & Mutations

You cannot wear most types of armour.
You are amphibious.
You can wear up to eight rings at the same time.
You can use your tentacles to constrict many enemies at once.
Your skin changes colour to match your surroundings (Stlth).
Your rubbery body absorbs attacks (AC +1).
Your muscles are strong (Str +1).


Message History

You block the arrow.
You see here an arrow.
Unknown command.
Casting: Fireball
Confirm with . or Enter, or press ? or * to list all spells.
Aiming: Fireball
Press: ? - help, Shift-Dir - straight line, f/p - vault guard
Aim: a vault guard, wielding a longbow and wearing a plate armour (heavily wounded)
Okay, then.
Unknown command.
The vault guard shoots an arrow.
The arrow misses you.
You see here an arrow.
Unknown command.
Casting: Fireball
Confirm with . or Enter, or press ? or * to list all spells.
Okay, then.
Unknown command.
The vault guard shoots an arrow.
The arrow hits you!
Ouch! That really hurt!
You die...

#...8©8...#..8©8..#
#.."|.:)..#..}|)..#
#...)})...#..))?..#
#.........#.......#
#....)....#.......#
#.........#.......#
#.....)@..#.......#
#:#..).@#.#.#...#.#
#..).@.(@.#.......#
###################


You could see 3 vault guards.

Vanquished Creatures
  An ogre mage (D)
  2 vault guards (D)
  A centaur warrior (D)
  An orc knight (D)
  A golden eye (D)
  4 deep dwarves (D)
  An eye of draining (D)
  2 wights (D)
  A crimson imp (D)
  An orc priest (D)
  2 jellies (D)
  4 orc wizards (D)
  A lemure (D)
  2 white imps (D)
  An ufetubus (D)
  2 giant eyeballs (D)
  4 oozes (D)
  A bat skeleton (D)
  A bat zombie (D)
  A goblin skeleton (D)
  A goblin zombie (D)
  An orc (D)
  A rat skeleton (D)
37 creatures vanquished.

Notes
Turn   | Place    | Note
--------------------------------------------------------------
     0 | D        | Bruce, the Octopode Fire Elementalist, began the quest for the Orb.
     0 | D        | Reached XP level 1. HP: 11/11 MP: 3/3
     1 | D        | Found an ancient bone altar of Kikubaaqudgha.
     1 | D        | Found a white marble altar of Elyvilon.
     2 | D        | Found an iron altar of Okawaru.
     2 | D        | Found a burning altar of Makhleb.
     4 | D        | Found a deep blue altar of Sif Muna.
     4 | D        | Found a sparkling altar of Nemelex Xobeh.
     5 | D        | Found a bloodstained altar of Trog.
    20 | D        | Became a worshipper of Sif Muna the Loreminder
    21 | D        | Acquired Sif Muna's first power
    21 | D        | Reached skill level 4 in Fire Magic
    21 | D        | Reached XP level 2. HP: 17/17 MP: 3/5
    34 | D        | Found a radiant altar of Vehumet.
    34 | D        | Found a basalt altar of Yredelemnul.
    40 | D        | Found a shimmering altar of Xom.
    55 | D        | Entered arena 1.
    55 | D        | Noticed an orc wizard
    56 | D        | Killed an orc wizard
    56 | D        | Reached skill level 5 in Fire Magic
    56 | D        | Acquired Sif Muna's second power
    65 | D        | Entered arena 2.
    65 | D        | Noticed a golden eye
    77 | D        | Paralysed by a giant eyeball for 4 turns
    82 | D        | Killed a golden eye
    82 | D        | Reached skill level 5 in Stealth
    82 | D        | Reached skill level 9 in Fire Magic
    82 | D        | Reached XP level 3. HP: 21/21 MP: 7/7
    82 | D        | Reached XP level 4. HP: 27/27 MP: 9/9
    82 | D        | Reached XP level 5. HP: 31/31 MP: 11/11
    84 | D        | Paralysed by a giant eyeball for 2 turns
    90 | D        | Paralysed by a giant eyeball for 3 turns
    99 | D        | Identified Plaom's Tome of Glacial Curses
   107 | D        | Learned a level 5 spell: Fireball
   112 | D        | Learned a level 4 spell: Sticky Flame
   112 | D        | Entered arena 3.
   112 | D        | Noticed an orc wizard
   112 | D        | Noticed an orc wizard
   112 | D        | Noticed an orc priest
   112 | D        | Noticed an orc wizard
   113 | D        | Killed an orc wizard
   113 | D        | Killed an orc wizard
   113 | D        | Killed an orc wizard
   113 | D        | Acquired Sif Muna's third power
   113 | D        | Reached XP level 6. HP: 36/36 MP: 12/14
   113 | D        | Killed an orc priest
   113 | D        | Reached skill level 5 in Conjurations
   113 | D        | Reached skill level 5 in Evocations
   163 | D        | Entered arena 4.
   163 | D        | Noticed a deep dwarf
   163 | D        | Noticed a deep dwarf
   163 | D        | Noticed a deep dwarf
   163 | D        | Noticed a deep dwarf
   167 | D        | Killed a deep dwarf
   174 | D        | Killed a deep dwarf
   174 | D        | Reached skill level 5 in Spellcasting
   174 | D        | Reached skill level 10 in Fire Magic
   174 | D        | Reached XP level 7. HP: 38/41 MP: 2/18
   175 | D        | Killed a deep dwarf
   177 | D        | Killed a deep dwarf
   189 | D        | Identified the Grimoire of Quantum Black Arts
   304 | D        | Entered arena 5.
   304 | D        | Noticed a crimson imp
   309 | D        | Killed a crimson imp
   309 | D        | Reached skill level 1 in Invocations
   317 | D        | Got the ring of Untruth {EV+6 Stlth}
   338 | D        | Entered arena 6.
   338 | D        | Noticed a crimson imp
   338 | D        | Noticed Amuofaock the pandemonium lord
   338 | D        | Noticed a crimson imp
   343 | D        | Noticed a ynoxinul
   343 | D        | Noticed a hellwing
   344 | D        | Noticed a chaos spawn
   350 | D        | Entered arena 7.
   350 | D        | Noticed a wight
   350 | D        | Noticed a wight
   352 | D        | Killed a wight
   352 | D        | Received a gift from Sif Muna
   352 | D        | Killed a wight
   353 | D        | Identified Sif Muna's Collected Works on Battle Magic (Sif Muna gifted it to you in the Dungeon)
   362 | D        | Learned a level 7 spell: Orb of Destruction
   428 | D        | Entered arena 8.
   428 | D        | Noticed an eye of draining
   430 | D        | Killed an eye of draining
   430 | D        | Reached XP level 8. HP: 46/46 MP: 13/20
   452 | D        | Gained mutation: Your muscles are strong (Str +1). [helix card]
   530 | D        | Entered arena 9.
   530 | D        | Noticed a vault guard
   530 | D        | Noticed a vault guard
   530 | D        | Noticed a vault guard
   530 | D        | Noticed an ogre mage
   530 | D        | Noticed a centaur warrior
   530 | D        | Noticed a vault guard
   530 | D        | Noticed a vault guard
   530 | D        | Noticed an orc knight
   533 | D        | Killed an ogre mage
   533 | D        | Received a gift from Sif Muna
   533 | D        | Reached skill level 10 in Conjurations
   533 | D        | Reached skill level 11 in Fire Magic
   533 | D        | Reached skill level 5 in Invocations
   535 | D        | Killed an orc knight
   535 | D        | Reached XP level 9. HP: 29/51 MP: 5/24
   535 | D        | Killed a vault guard
   535 | D        | Received a gift from Sif Muna
   535 | D        | Reached skill level 12 in Conjurations
   535 | D        | Killed a centaur warrior
   535 | D        | Reached XP level 10. HP: 31/56 MP: 5/26
   541 | D        | Killed a vault guard
   541 | D        | Received a gift from Sif Muna
   541 | D        | Reached skill level 13 in Conjurations
   564 | D        | Shot with an arrow by a vault guard

Action                   |  1- 3 |  4- 6 |  7- 9 | 10-12 || total
-------------------------+-------+-------+-------+-------++-------
Melee: Lance             |     5 |     9 |     5 |       ||    19
 Cast: Fireball          |       |     3 |    10 |     2 ||    15
Invok: Channel Energy    |       |     1 |     2 |     5 ||     8
Evoke: Wand              |     1 |       |       |     2 ||     3
       Deck              |       |       |     5 |       ||     5
  Use: Potion            |     1 |     2 |     3 |     1 ||     7
       Scroll            |       |       |     1 |       ||     1
 Stab: Sleeping          |     1 |       |       |       ||     1
